 Dungeon Crawl Stone Soup version 0.30-a0-364-gf6b3ef1049 (webtiles) character file.

Game seed: 17043999929423422938

266483 Persephone the Acrobat (level 20, 0/172 HPs)
             Began as a Merfolk Gladiator on Nov 14, 2022.
             Was an Elder of Qazlal.
             Slain by a vault warden
             ... wielding a +1 war axe of electrocution
              (23 damage)
             ... on level 1 of the Vaults on Nov 15, 2022.
             The game lasted 01:36:08 (34373 turns).

Persephone the Acrobat (Merfolk Gladiator)         Turns: 34373, Time: 01:36:09

Health: 0/172      AC: 16    Str: 10    XL:     20   Next: 10%
Magic:  18/33      EV: 39    Int: 10    God:    Qazlal [****..]
Gold:   1605       SH: 25    Dex: 29    Spells: 19/19 levels left

rFire   + + .      SeeInvis .    s - +3 scimitar (flame)
rCold   + + .      Faith    .    g - +2 shield of Resistance {rF++ rC++ Will++}
rNeg    . . .      Spirit   .    a - +0 leather armour "Peuclisch" {-Tele rElec rCorr Dex+2}
rPois   +          Reflect  .    h - +0 helmet "Cukh" {Fly Regen+ Str-5}
rElec   +          Harm     .    f - +0 cloak {Will+}
rCorr   +          Rampage  .    i - +2 pair of gloves
Will    ++++.      NoTele   +    B - +2 pair of boots {Fly}
Stlth   +.........               b - amulet of the acrobat
HPRegen 1.28/turn                P - +4 ring of evasion
MPRegen 0.23/turn                Q - +6 ring of dexterity

@: protected from physical damage, flying, repel missiles
A: (nimble swimmer 2), mertail, iridescent scales 1, poison resistance
}: 2/15 runes: decaying, serpentine
a: Renounce Religion, Upheaval, Elemental Force


You were on level 1 of the Vaults.
You worshipped Qazlal.
Qazlal was greatly pleased with you.
You visited 8 branches of the dungeon, and saw 34 of its levels.
You also visited: Desolation.

You collected 3699 gold pieces.
You spent 2094 gold pieces at shops.

Inventory:

Hand Weapons
 s - a +3 scimitar of flaming (weapon)
Missiles
 w - 3 silver javelins
 C - 8 javelins (quivered)
Armour
 a - the +0 leather armour "Peuclisch" (worn) {-Tele rElec rCorr Dex+2}
   (You bought it in a shop on level 2 of the Orcish Mines)

   Dex:       It affects your dexterity (+2).
   rElec:     It insulates you from electricity.
   -Tele:     It prevents most forms of teleportation.
   rCorr:     It protects you from acid and corrosion.
 d - the +2 hat "Hesyxuxo" {Dex+6}
   (You found it on level 5 of the Lair of Beasts)

   Dex:       It affects your dexterity (+6).
 f - a +0 cloak of willpower (worn)
 g - the +2 shield of Resistance (worn) {rF++ rC++ Will++}
   (You acquired it on level 2 of the Dungeon)

   rF:        It greatly protects you from fire.
   rC:        It greatly protects you from cold.
   Will:      It greatly increases your willpower.
 h - the +0 helmet "Cukh" (worn) {Fly Regen+ Str-5}
   (You acquired it on level 2 of the Dungeon)

   Str:       It affects your strength (-5).
   Fly:       It grants you flight.
   Regen:     It increases your rate of health regeneration.
 i - a +2 pair of gloves (worn)
 B - a +2 pair of boots of flying (worn)
Jewellery
 b - an amulet of the acrobat (around neck)
 E - an amulet of magic regeneration
 M - a +4 ring of evasion
 P - a +4 ring of evasion (left hand)
 Q - a +6 ring of dexterity (right hand)
 S - the amulet "Viux" {Spirit Harm rC- Dex+3}
   (You found it on level 2 of the Swamp)

   [amulet of guardian spirit]

   It causes incoming damage to be divided between your reserves of health and
   magic.
   Dex:       It affects your dexterity (+3).
   rC:        It makes you vulnerable to cold.
   Harm:      It increases damage dealt and taken.
 U - a ring of protection from fire
Wands
 p - a wand of quicksilver (12)
 t - a wand of polymorph (6)
 u - a wand of roots (21)
 v - a wand of digging (13)
 y - a wand of charming (34)
 z - a wand of flame (12)
 O - a wand of mindburst (16)
Scrolls
 j - 4 scrolls of enchant armour
 l - 17 scrolls of identify
 n - 5 scrolls of vulnerability
 q - 6 scrolls of immolation
 r - 7 scrolls of teleportation
 D - 4 scrolls of poison
 F - 3 scrolls of butterflies
 H - a scroll of brand weapon
 I - 2 scrolls of amnesia
 R - 4 scrolls of enchant weapon
 W - 3 scrolls of magic mapping
 Y - 2 scrolls of fear
Potions
 c - 2 potions of ambrosia
 e - 5 potions of mutation
 k - 3 potions of haste
 m - 18 potions of brilliance
 o - 8 potions of flight
 x - 4 potions of berserk rage
 A - 2 potions of resistance
 G - 3 potions of attraction
 J - 6 potions of might
 L - 2 potions of magic
 N - 2 potions of curing
 V - a potion of heal wounds
 X - 3 potions of cancellation
 Z - a potion of invisibility


   Skills:
 + Level 18.4 Fighting
 - Level 14.0 Long Blades
 - Level 2.0 Throwing
 + Level 22.8 Dodging
 + Level 17.7 Shields
 + Level 18.2 Invocations


You had 19 spell levels left.
You didn't know any spells.
Your spell library contained the following spells:

 Spells                   Type           Power      Damage    Failure   Level
 Apportation              Tloc           0%         N/A       63%         1
 Freeze                   Ice            0%         1d3       63%         1
 Kiss of Death            Conj/Necr      0%         2d5       63%         1
 Magic Dart               Conj           0%         1d3       63%         1
 Necrotise                Necr           0%         1d4       63%         1
 Sting                    Tmut/Pois      0%         1d3       63%         1
 Summon Small Mammal      Summ           0%         N/A       63%         1
 Cigotuvi's Dreadful Rot  Necr/Pois/Air  0%         N/A       77%         2
 Poisonous Vapours        Pois/Air       0%         N/A       77%         2
 Searing Ray              Conj           0%         2d4       77%         2
 Call Canine Familiar     Summ           0%         N/A       94%         3
 Confusing Touch          Hex            0%         N/A       94%         3
 Dazzling Flash           Conj/Hex       0%         N/A       94%         3
 Frozen Ramparts          Ice            0%         1d1       94%         3
 Hailstorm                Conj/Ice       0%         3d3       94%         3
 Ozocubu's Armour         Ice            0%         N/A       94%         3
 Summon Guardian Golem    Hex/Summ       0%         N/A       94%         3
 Tukima's Dance           Hex            0%         N/A       94%         3
 Animate Armour           Summ/Erth      0%         N/A       100%        4
 Animate Dead             Necr           0%         N/A       100%        4
 Dispel Undead            Necr           0%         3d6       100%        4
 Fulminant Prism          Conj/Hex       0%         3d5       100%        4
 Olgreb's Toxic Radiance  Pois           0%         N/A       100%        4
 Passage of Golubria      Tloc           0%         N/A       100%        4
 Petrify                  Tmut/Erth      0%         N/A       100%        4
 Agony                    Necr           0%         N/A       100%        5
 Alistair's Intoxication  Tmut/Pois      0%         N/A       100%        5
 Borgnjor's Vile Clutch   Necr/Erth      0%         N/A       100%        5
 Lee's Rapid Deconstruct  Erth           0%         3d4*      100%        5
 Metabolic Englaciation   Hex/Ice        0%         N/A       100%        5
 Silence                  Hex/Air        0%         N/A       100%        5
 Yara's Violent Unravell  Hex/Tmut       0%         3d3       100%        5
 Death Channel            Necr           0%         N/A       100%        6
 Eringya's Noxious Bog    Tmut/Pois      0%         N/A       100%        6
 Iron Shot                Conj/Erth      0%         9d1       100%        6
 Simulacrum               Ice/Necr       0%         N/A       100%        6
 Statue Form              Tmut/Erth      0%         N/A       100%        6
 Ozocubu's Refrigeration  Ice            0%         4d7       100%        7
 Ignition                 Fire           0%         3d3       100%        8


Dungeon Overview and Level Annotations

Branches:
Dungeon (15/15)            Temple (1/1) D:6            Lair (5/5) D:10
  Swamp (4/4) Lair:3        Snake (4/4) Lair:3        Slime (0/5) Lair:5
    Orc (2/2) D:12            Elf (2/3) Orc:2        Vaults (1/5) D:14
 Depths (0/4) D:15        Desolation (visited)

Altars:
Ashenzari
Cheibriados
Dithmenos
Elyvilon
Fedhas
Gozag
Hepliaklqana
Kikubaaqudgha
Makhleb
Nemelex Xobeh
Okawaru
Qazlal
Ru
Sif Muna
Trog
Uskayaw
Vehumet
Wu Jian
Xom
Yredelemnul
Zin
The Shining One
Jiyva

Shops:
D:2 *[=[   D:5 ?   D:8 *   D:11 [   Orc:1 *   Orc:2 :*([   Elf:1 :   Elf:2 =!:?
Snake:1 [   Snake:2 (

Portals:
Abyss: Snake:1
Trove: D:11 (give 16 scrolls of teleportation)

Annotations:
Swamp:4 2 transporters, TheSexyCheese's ghost, adept HOFi
Snake:1 2 transporters, jlumianski's ghost, adept DsFi
Vaults:1 Zenata


Innate Abilities, Weirdness & Mutations

((You are very nimble when in or above water. (Stealth+, EV+, Speed+++)))
Your lower body shifts to a powerful aquatic tail in water.
You are partially covered in iridescent scales. (AC +2)
Your system is resistant to poisons. (rPois)


Message History

You kill the ironbound convoker!
Qazlal accepts your kill.
The blast of ice hits the vault warden!!
The vault warden is heavily wounded.
The vault warden is flash-frozen.
You can no longer call upon nature's wrath in a wide area around you.
Unknown command.
Unknown command.
You hit the vault warden but do no damage.
The vault warden is heavily wounded.
The vault warden is no longer encased in ice.
You slash the vault warden! You burn the vault warden.
The vault warden is severely wounded.
The +2 vorpal glaive is no longer encased in ice.
Zenata is no longer encased in ice.
Zenata casts a spell at you.
A blast of power from the earth strikes you!
* * * LOW HITPOINT WARNING * * *
The +2 vorpal glaive misses you.
The vault warden activates a sealing rune.
You cannot teleport because you are wearing the +0 leather armour "Peuclisch" {-Tele rElec rCorr Dex+2}.
You feel much better.
You block the +2 vorpal glaive's attack.
You block the vault warden's attack.
The +2 vorpal glaive closely misses you.
You barely miss the vault warden.
The vault warden is severely wounded.
You block the +2 vorpal glaive's attack.
You block the vault warden's attack.
You hit the vault warden but do no damage.
The vault warden is severely wounded.
The +2 vorpal glaive hits you from afar!
* * * LOW HITPOINT WARNING * * *
x2 The +2 vorpal glaive hits you from afar!
* * * LOW HITPOINT WARNING * * *
x2 You slash the vault warden!
You burn the vault warden.
The vault warden is almost dead.
Your protection from physical attacks is fading.
The vault warden hits you with a +1 war axe of electrocution!!
You die...

...# ...# #..# #c.#
##### ##..# #.... '..#
#....
###).#########†...
#@p..#.......[....
#+###()###...###†...
.....p...+.#8.8#.#....
.......(.#.......#....
#+########.#8.8#.#....
###...#######
#.......# #..
######### #.# #.#


You could see a vault warden and a +2 vorpal glaive (summoned, fast).

Vanquished Creatures
  the Lernaean hydra (Swamp:4)
  Nikola (Vaults:1)
  Jorgrun (Swamp:2)
  A deep elf blademaster (Elf:2)
  Frances (D:12)
  Kirke (D:13)
  Agnes (Snake:4)
  A thorn hunter (Swamp:3)
  The ghost of Veiv the Stormcaller, an adept OpAE of Gozag (Elf:1)
  Roxanne (Snake:2)
  3 nagarajas
  2 deep elf sorcerers
  Louise (D:14)
  A vault warden (Vaults:1)
  The ghost of LnG the Imperceptible, an adept KoSu of Dithmenos (Elf:1)
  The ghost of Vothry the Severer, a journeyman FoFi of Cheibriados (Lair:5)
  An orc warlord (Orc:2)
  3 very ugly things (Vaults:1)
  Azrael (Elf:2)
  6 bunyips
  7 eleionomae
  A halazid warlock (Desolation)
  5 ragged hierophants (Desolation)
  A deep elf death mage (Elf:1)
  A fire dragon (Lair:5)
  A shambling mangrove (Lair:3)
  4 servants of whispers (Desolation)
  A yaktaur captain (Vaults:1)
  3 salamander tyrants
  24 hydras
  3 catoblepae (Lair:5)
  4 centaur warriors
  An ogre mage (D:15)
  Erica (D:10)
  5 anacondas
  5 boulder beetles
  3 ghost crabs
  2 ironbound frosthearts (Vaults:1)
  7 two-headed ogres
  19 dancing weapons
  26 naga warriors
  A tengu warrior (D:13)
  8 alligators
  A shock serpent (shapeshifter) (D:15)
  15 deep elf knights
  3 shock serpents
  Sonja (D:13)
  13 naga sharpshooters
  6 orc high priests (Orc:2)
  A fire crab (Lair:5)
  4 salamander mystics
  7 spriggan druids
  4 deep trolls
  5 goliath frogs
  12 swamp dragons
  6 deep elf archers
  15 bog bodies
  5 naga ritualists
  5 ironbound convokers
  8 orc knights
  A necromancer (D:15)
  19 deep elf pyromancers
  20 ugly things
  A wolf spider zombie (D:8)
  26 deep elf zephyrmancers
  10 mana vipers
  A wizard (Elf:1)
  3 oklob plants
  2 manticores
  6 orc sorcerers
  6 cyclopes
  13 salamanders
  3 will-o-the-wisps
  2 moths of wrath (Lair:5)
  6 elephants (Lair:5)
  3 centaur zombies (D:8)
  16 naga magi
  A torpor snail (Lair:3)
  3 molten gargoyles (Lair:5)
  5 guardian serpents
  14 cane toads
  29 black mambas
  A centaur skeleton (D:8)
  2 vault sentinels (Vaults:1)
  A gargoyle (D:13)
  Psyche (D:8)
  2 unseen horrors (D:11)
  12 komodo dragons
  4 rime drakes
  2 efreet (D:14)
  2 hellwings
  2 yaktaurs (Vaults:1)
  A tengu conjurer (D:15)
  A queen bee (Lair:4)
  2 polar bears
  5 trolls
  3 meliai (Lair:4)
  22 saltlings (Desolation)
  7 slime creatures
  5 hornets
  16 blink frogs
  5 tyrant leeches
  9 dream sheep
  A raiju (shapeshifter) (D:15)
  10 spriggans
  5 air elementals
  25 yaks
  A water elemental (Elf:1)
  A shadow (D:10)
  A vampire (D:14)
  4 hogs (D:13)
  11 basilisks
  6 wyverns
  4 wraiths
  7 fire elementals (Elf:2)
  A steam dragon (D:8)
  8 vampire mosquitoes
  51 nagas
  16 swamp worms
  6 wargs
  4 acid dragons
  19 water moccasins
  5 hell hounds
  30 orc warriors
  2 ice beasts
  9 swamp drakes
  A sky beast (D:6)
  3 black bears
  17 ogres
  3 boggarts
  8 centaurs
  2 phantoms
  4 kobold brigands
  An earth elemental (Elf:2)
  3 scorpions
  9 bullfrogs
  A necrophage (D:5)
  11 wights
  11 killer bees (Lair:4)
  13 howler monkeys
  3 electric eels
  5 lava snakes (Lair:5)
  20 orc priests
  4 jellies
  3 gnoll boudas
  5 hounds
  Terence (D:3)
  5 iguanas
  15 orc wizards
  4 hell rats (Lair:3)
  13 gnolls
  7 adders
  7 shadow imps
  A white imp (D:7)
  7 dart slugs
  55 orcs
  3 endoplasms
  A giant cockroach (D:2)
  10 hobgoblins
  47 kobolds
  5 quokkas
  6 ball pythons
  4 bats (D:2)
  3 frilled lizards (D:3)
  7 goblins
  6 rats
1130 creatures vanquished.

Vanquished Creatures (others)
  2 deep elf knights (Elf:2)
  A swamp dragon (Swamp:4)
  A deep elf archer (Elf:2)
  A bloated husk (Swamp:3)
  A water elemental (Elf:2)
  A fire elemental (Elf:2)
  A human (D:13)
  A water moccasin (Lair:5)
  A swamp drake (Swamp:4)
  A bush (Swamp:4)
  28 foxfires
  26 fungi
  90 plants
  14 withered plants
169 creatures vanquished.

Grand Total: 1299 creatures vanquished

Notes
Turn   | Place    | Note
-------+----------+-------------------------------------------
     0 | D:1      | Persephone the Merfolk Gladiator began the quest for the
                  | Orb.
     0 | D:1      | Reached XP level 1. HP: 16/16 MP: 1/1
   185 | D:1      | Reached XP level 2. HP: 22/22 MP: 2/2
   691 | D:2      | Reached XP level 3. HP: 27/27 MP: 3/3
   860 | D:2      | Found Goakk's Antique Armour Shop.
   920 | D:2      | Reached skill level 5 in Long Blades
   969 | D:2      | Found Tatzaax's Jewellery Shop.
   973 | D:2      | Found Guatuuseos's Antique Armour Boutique.
  1005 | D:2      | Found Qimesch's General Store.
  1392 | D:2      | Found an ornate altar of the Wu Jian Council.
  1397 | D:2      | Reached XP level 4. HP: 33/33 MP: 4/4
  1402 | D:2      | Identified 2 scrolls of acquirement
  1402 | D:2      | Acquired the +2 shield of Resistance {rF++ rC++ Will++}
  1402 | D:2      | Found the +2 shield of Resistance {rF++ rC++ Will++}
  1409 | D:2      | Acquired the +0 helmet "Cukh" {Fly Regen+ Str-5}
  1751 | D:3      | Found a bloodstained altar of Trog.
  1768 | D:3      | Reached skill level 5 in Dodging
  1967 | D:2      | Bought a dyed leather armour for 105 gold pieces
  2098 | D:3      | Noticed Terence
  2112 | D:3      | Killed Terence
  2357 | D:4      | Reached skill level 1 in Shields
  2357 | D:4      | Reached XP level 5. HP: 23/38 MP: 5/5
  2396 | D:4      | Reached XP level 6. HP: 34/44 MP: 6/6
  2948 | D:5      | Entered Level 5 of the Dungeon
  3053 | D:5      | Noticed an ice beast
  3061 | D:5      | Killed an ice beast
  3062 | D:5      | Reached skill level 6 in Dodging
  3088 | D:5      | Reached XP level 7. HP: 50/50 MP: 7/7
  3291 | D:5      | Found an ornate altar of the Wu Jian Council.
  3387 | D:5      | Found Zicokh's Magic Scroll Shoppe.
  3555 | D:5      | Reached skill level 7 in Dodging
  3701 | D:5      | Found a radiant altar of Vehumet.
  3704 | D:5      | Found a blossoming altar of Fedhas.
  3707 | D:5      | Found a white marble altar of Elyvilon.
  3710 | D:5      | Found an opulent altar of Gozag.
  3844 | D:5      | Reached XP level 8. HP: 45/56 MP: 8/8
  4225 | D:6      | Found a staircase to the Ecumenical Temple.
  4271 | Temple   | Entered the Ecumenical Temple
  4271 | Temple   | Found a transporter.
  4271 | Temple   | Found a transporter.
  4274 | Temple   | Found a transporter.
  4274 | Temple   | Found a transporter.
  4483 | D:6      | Reached skill level 8 in Dodging
  4506 | D:6      | Reached skill level 10 in Long Blades
  4522 | D:6      | Reached XP level 9. HP: 36/61 MP: 9/9
  4588 | D:6      | Found a hazy altar of Hepliaklqana.
  4616 | D:6      | Reached skill level 5 in Shields
  4643 | D:6      | Found a stormy altar of Qazlal.
  4643 | D:6      | Found a hide-covered altar of Uskayaw.
  4647 | D:6      | Became a worshipper of Qazlal Stormbringer
  5201 | D:2      | Bought a pair of glowing boots for 157 gold pieces
  5646 | D:7      | Reached * piety under Qazlal
  5647 | D:7      | Reached skill level 9 in Dodging
  5745 | D:7      | Reached skill level 1 in Invocations
  6727 | D:8      | Noticed a hellwing
  6731 | D:8      | Noticed a hellwing
  6970 | D:8      | Gained mutation: You are partially covered in iridescent
                  | scales. (AC +2) [potion of mutation]
  6970 | D:8      | Gained mutation: Your system is resistant to poisons.
                  | (rPois) [potion of mutation]
  7031 | D:8      | Reached XP level 10. HP: 48/71 MP: 10/12
  7092 | D:8      | Reached skill level 10 in Dodging
  7184 | D:8      | Reached ** piety under Qazlal
  7194 | D:8      | Noticed Psyche
  7235 | D:8      | Killed Psyche
  7449 | D:8      | Found Lasecocu's Assorted Antiques.
  7565 | D:9      | Found a sacrificial altar of Ru.
  7644 | D:9      | Reached skill level 5 in Fighting
  8355 | D:10     | Entered Level 10 of the Dungeon
  8427 | D:10     | Reached XP level 11. HP: 80/80 MP: 14/14
  8457 | D:10     | Reached skill level 11 in Dodging
  8457 | D:10     | Reached skill level 5 in Invocations
  8481 | D:10     | Noticed Erica
  8487 | D:10     | Reached *** piety under Qazlal
  8504 | D:10     | Killed Erica
  8556 | D:10     | Found a staircase to the Lair.
  8756 | D:2      | Bought a glowing leather armour for 105 gold pieces
  8981 | D:10     | Noticed a two-headed ogre
  8990 | D:10     | Killed a two-headed ogre
  9321 | D:10     | Found an iron altar of Okawaru.
  9632 | D:11     | Noticed a two-headed ogre
  9643 | D:11     | Killed a two-headed ogre
  9921 | D:11     | Noticed a boulder beetle
  9938 | D:11     | Killed a boulder beetle
 10049 | D:11     | Noticed a cyclops
 10062 | D:11     | Killed a cyclops
 10063 | D:11     | Reached skill level 12 in Dodging
 10101 | D:11     | Found Ciac's Antique Armour Shop.
 10140 | D:11     | Noticed a two-headed ogre
 10152 | D:11     | Killed a two-headed ogre
 10153 | D:11     | Reached XP level 12. HP: 89/91 MP: 15/17
 10196 | D:11     | Found a portal to a secret trove of treasure.
 10547 | D:12     | Reached **** piety under Qazlal
 10691 | D:12     | Found a staircase to the Orcish Mines.
 10819 | D:12     | Noticed a boulder beetle
 10861 | D:12     | Killed a boulder beetle
 11525 | Lair:1   | Entered Level 1 of the Lair of Beasts
 12054 | Lair:1   | Reached skill level 13 in Dodging
 12285 | Lair:2   | Noticed a seven-headed hydra
 12303 | Lair:2   | Killed a two-headed hydra
 12412 | Lair:2   | Noticed a six-headed hydra
 12424 | Lair:2   | Killed a one-headed hydra
 12430 | Lair:2   | Identified the +5 war axe of the Lurker {vorpal, rN+++
                  | Str-4 Int+5 Stlth+}
 12675 | Lair:2   | Reached XP level 13. HP: 101/101 MP: 19/19
 12680 | Lair:2   | Reached skill level 10 in Shields
 13124 | Lair:3   | Reached skill level 14 in Dodging
 13125 | Lair:3   | Reached ***** piety under Qazlal
 13151 | Lair:3   | Found a staircase to the Snake Pit.
 13413 | Lair:3   | Found a staircase to the Swamp.
 14111 | D:2      | Bought a +4 ring of evasion for 504 gold pieces
 14396 | Lair:4   | Reached skill level 10 in Fighting
 14542 | Lair:4   | Reached skill level 10 in Invocations
 15760 | Lair:5   | Entered Level 5 of the Lair of Beasts
 15768 | Lair:5   | Reached skill level 15 in Dodging
 15848 | Lair:5   | Reached XP level 14. HP: 111/111 MP: 20/22
 15952 | Lair:5   | Identified the +2 robe of Sagh {rF+}
 15971 | Lair:5   | Noticed Vothry's ghost (journeyman FoFi)
 15989 | Lair:5   | Found a transporter.
 16006 | Lair:5   | Found a transporter.
 16087 | Lair:5   | Found a large runed translucent door.
 16096 | Lair:5   | Found a large runed translucent door.
 16111 | Lair:5   | Reached ****** piety under Qazlal
 16584 | Lair:5   | Found a staircase to the Slime Pits.
 16585 | Lair:5   | Found a viscous altar of Jiyva.
 16850 | Lair:5   | Reached skill level 16 in Dodging
 16879 | Lair:5   | Killed Vothry's ghost
 16911 | Lair:5   | Identified the +2 hat "Hesyxuxo" {Dex+6}
 17123 | Orc:1    | Entered Level 1 of the Orcish Mines
 17214 | Orc:2    | Entered Level 2 of the Orcish Mines
 17216 | Orc:2    | Found a staircase to the Elven Halls.
 17401 | Orc:1    | Found Acosougo's General Store.
 17695 | Orc:2    | Found Zewuwugu's Book Shoppe.
 17728 | Orc:2    | Found a radiant altar of Vehumet.
 17746 | Orc:2    | Found Ipluymeg's General Store.
 17759 | Orc:2    | Noticed an orc warlord
 17782 | Orc:2    | Killed an orc warlord
 17961 | Orc:2    | Reached XP level 15. HP: 122/122 MP: 18/24
 18038 | Orc:2    | Found Egrokluid's Antique Weapon Shop.
 18068 | Orc:2    | Found Uvoeb's Antique Armour Emporium.
 18334 | Orc:2    | Reached skill level 17 in Dodging
 18559 | Orc:2    | Bought a slimy leather armour for 203 gold pieces
 18559 | Orc:2    | Identified the +0 leather armour "Peuclisch" {-Tele rElec
                  | rCorr Dex+2} (You bought it in a shop on level 2 of the
                  | Orcish Mines)
 18859 | D:13     | Noticed Frances
 18860 | D:13     | Noticed Kirke
 18934 | D:12     | Killed Frances
 18986 | D:13     | Killed Kirke
 19095 | D:13     | Noticed Sonja
 19115 | D:13     | Killed Sonja
 20178 | D:14     | Noticed Louise
 20217 | D:14     | Killed Louise
 20276 | D:14     | Found a gate to the Vaults.
 20734 | D:15     | Entered Level 15 of the Dungeon
 20961 | Swamp:1  | Entered Level 1 of the Swamp
 21118 | Lair:3   | Found a blossoming altar of Fedhas.
 21387 | Snake:1  | Entered Level 1 of the Snake Pit
 21426 | Snake:1  | Reached skill level 18 in Dodging
 21516 | Snake:1  | Reached XP level 16. HP: 130/132 MP: 26/26
 21674 | Snake:1  | Found a transporter.
 21698 | Snake:1  | Noticed jlumianski's ghost (adept DsFi)
 21704 | Snake:1  | Found a one-way gate to the infinite horrors of the Abyss.
 21772 | Snake:1  | Found Rostam's Dragon-Slaying Spoils.
 21779 | Snake:1  | Bought quicksilver dragon scales for 840 gold pieces
 22105 | Snake:1  | Found a transporter.
 22488 | Snake:2  | Found Opsoenesk's Weapon Boutique.
 23252 | Snake:2  | Identified Roxanne's Verses on Silt
 23252 | Snake:2  | Noticed Roxanne
 23277 | Snake:2  | Killed Roxanne
 23838 | Snake:3  | Reached skill level 19 in Dodging
 23898 | Snake:3  | Found a shimmering blue altar of Sif Muna.
 24163 | Snake:4  | Entered Level 4 of the Snake Pit
 24486 | Snake:4  | Noticed a nagaraja
 24488 | Snake:4  | Noticed a nagaraja
 24983 | Elf:1    | Entered Level 1 of the Elven Halls
 24983 | Elf:1    | Found an ancient bone altar of Kikubaaqudgha.
 24986 | Elf:1    | Found Xased's Book Boutique.
 24999 | Elf:1    | Reached skill level 15 in Fighting
 24999 | Elf:1    | Reached XP level 17. HP: 142/142 MP: 28/28
 25062 | Elf:1    | Reached skill level 15 in Invocations
 25548 | Elf:1    | Reached skill level 15 in Shields
 25736 | Elf:1    | Found a runed translucent gate.
 25754 | Elf:1    | Found a runed translucent gate.
 25754 | Elf:1    | Found a runed translucent gate.
 25793 | Elf:1    | Noticed LnG's ghost (adept KoSu)
 25793 | Elf:1    | Noticed Veiv's ghost (adept OpAE)
 26043 | Elf:1    | Killed Veiv's ghost
 26063 | Elf:1    | Killed LnG's ghost
 26240 | Elf:2    | Found a crumbling gateway.
 26260 | Desolati | Entered the Desolation of Salt
 26439 | Desolati | Identified the +4 ice dragon scales "Ytued" {*Slow rF- rC++
                  | Int+5}
 26501 | Desolati | Reached skill level 20 in Dodging
 26554 | Desolati | HP: 6/131 [spore (4)]
 26906 | Elf:2    | Found Ihebryem's Book Emporium.
 26913 | Elf:2    | Found Jatibbod's Magic Scroll Emporium.
 26913 | Elf:2    | Found Zyah Uni's Jewellery Shoppe.
 26917 | Elf:2    | Found Zuckodgh's Distillery.
 27303 | Elf:2    | Found a runed translucent gate.
 27304 | Elf:2    | Found a runed translucent gate.
 27304 | Elf:2    | Found a runed translucent gate.
 27437 | Elf:2    | Noticed a deep elf blademaster
 27443 | Elf:2    | Killed a deep elf blademaster
 27453 | Elf:2    | Noticed Azrael
 27468 | Elf:2    | Killed Azrael
 27496 | Elf:2    | Reached XP level 18. HP: 59/151 MP: 21/30
 28544 | Snake:3  | HP: 7/152 [constriction (2)]
 28738 | Snake:4  | Reached skill level 21 in Dodging
 28850 | Snake:4  | Noticed Agnes
 28867 | Snake:4  | Killed Agnes
 29094 | Snake:4  | Got The Second Course in Hermeneutics
 29533 | Snake:4  | Got a serpentine rune of Zot
 29671 | Swamp:1  | Found an ancient bone altar of Kikubaaqudgha.
 30196 | Swamp:1  | Identified the +0 cloak of Iseck {rCorr}
 30350 | Swamp:2  | Noticed Jorgrun
 30376 | Swamp:2  | Killed Jorgrun
 30383 | Swamp:2  | Reached XP level 19. HP: 95/161 MP: 31/31
 30897 | Swamp:2  | Identified the amulet "Viux" {Spirit Harm rC- Dex+3}
 31462 | Swamp:4  | Entered Level 4 of the Swamp
 31466 | Swamp:4  | Found a transporter.
 31470 | Swamp:4  | Found a transporter.
 31476 | Swamp:4  | Found a bloodstained altar of Trog.
 31505 | Swamp:4  | Noticed TheSexyCheese's ghost (adept HOFi)
 31596 | Swamp:4  | Reached skill level 22 in Dodging
 31940 | Swamp:4  | Noticed the 27-headed Lernaean hydra
 31962 | Swamp:4  | Killed the 20-headed Lernaean hydra
 32067 | Swamp:4  | Got a decaying rune of Zot
 32831 | D:15     | Found a staircase to the Depths.
 33485 | D:2      | Bought a pair of embroidered gloves for 180 gold pieces
 33731 | Vaults:1 | Entered Level 1 of the Vaults
 33737 | Vaults:1 | Noticed Nikola
 33758 | Vaults:1 | Killed Nikola
 34248 | Vaults:1 | Reached XP level 20. HP: 123/172 MP: 33/33
 34357 | Vaults:1 | Noticed Zenata
 34373 | Vaults:1 | Slain by a vault warden

Illustrated notes

Levels and vault maps discovered:
D:1:      giann_bridges, layout_basic
D:2:      layout_basic, basic_altar, serial_shops, shop, nicolae_shop_trees,
          shop, shop, small_statue_intersection, minmay_quantized
D:3:      layout_basic, trog_butcher_becter, uniq_terence
D:4:      layout_gridville, grunt_decor_junction, ebering_dispersal_statue_hall
D:5:      layout_layer_cave, grunt_temple_overflow_cloverleaf,
          nzn_wu_jian_contemplation, serial_shops, nicolae_shop_behind_doors,
          kennysheep_another_room
D:6:      kennysheep_kobold_camp, layout_basic, gammafunk_temple_overflow_wave,
          lemuel_doored_altar, minmay_temple_entry_proselytizer,
          chequers_serial_rivers_room_b
D:7:      layout_layer_cave, minmay_hedge_maze
D:8:      cheibrodos_grave_circle, layout_rooms, serial_shops,
          nicolae_take_the_stairs, fountainhead, uniq_psyche
D:9:      layout_cave_pods, marbit_many_paths
D:10:     layout_stronghold, okawaru_altar_gauntlet_db, minmay_lair_entry_grove,
          uniq_erica
D:11:     layout_loops_ring, enter_trove_3, serial_shops, shop_statue,
          minmay_strange_pillars
D:12:     layout_layer_cave, erik_orc_3, gauntlet_entry_generic
D:13:     layout_loops_cross, small_statue_alley_a, uniq_kirke, uniq_frances,
          uniq_sonja
D:14:     layout_loops_corners, david_vaults_1, serial_co_window_serial,
          co_window_cross_1, co_window_cross_1, co_window_corner_a,
          co_window_corner_a, co_window_corner_a, co_window_broadway_a,
          co_window_broadway_a, co_window_2corner, co_window_of_opportunity_c,
          co_window_corner_b, co_window_corner_cb, glass_columns_a, uniq_louise
D:15:     hangedman_depths_entry_civil_slaughter, layout_irregular_city,
          hangedman_decor_riveting, minivault_25_ag, hellmonk_bongcloud_opening,
          drop_trap, minmay_misc_feat_square, elves_outpost_lemuel
Temple:   hellmonk_temple_divided_pantheon
Lair:1:   layout_chaotic_city, gammafunk_lair_bear_cave
Lair:2:   layout_loops_ring
Lair:3:   layout_regular_city, swamp_mist, minmay_snake_entry_guardpost_small,
          hangedman_tree_tricks
Lair:4:   layout_layer_cave, special_room [special_room_bee],
          infiniplex_staircase_pool
Lair:5:   cheibrodos_lair_end_hotspot, layout_long_grid, slime_entry_1,
          gammafunk_ghost_berserking_beasts
Swamp:1:  layout_falls_marsh, serial_swamp_ruin, evilmike_swamp_ruin_house_3,
          evilmike_swamp_ruin_wall, grunt_ruined_hall
Swamp:2:  layout_basic_swamp, nicolae_swamp_bean_lake, uniq_jorgrun
Swamp:3:  layout_falls_marsh, evilmike_swamp_ruin_house_1
Swamp:4:  grunt_swamp_rune_castle, layout_basic_swamp,
          gammafunk_ghost_wrathful_warriors, swamp_pool3
Snake:1:  layout_layer_cave, gammafunk_ghost_abyssal_escape, drop_trap,
          nicolae_shop_dragon_depot
Snake:2:  layout_onion_interference, serial_shops, shop, uniq_roxanne
Snake:3:  layout_grid_shapes, basic_altar, lemuel_fruit_tree
Snake:4:  snake_pit, layout_cave_town, uniq_agnes
Orc:1:    layout_diamond_mine, serial_shops, shop
Orc:2:    grunt_orc_gardens, layout_caves, grunt_orc_garden, grunt_orc_garden,
          grunt_orc_garden, grunt_orc_garden, basic_altar, minmay_orc_temple_c
Elf:1:    layout_geoelf_octagon, basic_altar, gammafunk_ghost_cemetery,
          serial_shops, nicolae_shop_stone, hangedman_elf_disciples,
          grunt_megastairs_3
Elf:2:    nicolae_elf_blades_crystal_corner, layout_geoelf_grid,
          portal_desolation_entry_nicolae_slug, minmay_shoptagon, uniq_azrael
Vaults:1: nicolae_vaults_network_square, ontoclasm_vaults_chip,
          vaults_mumra_lcd, v_misc_31, vaults_dpeg_hooks,
          nicolae_vaults_little_ls, hangedman_vaults_river_flow,
          ontoclasm_vaults_twist, nicolae_vaults_alarming,
          hangedman_vaults_nails, vaults_room_grid, layout_vaults_omnibox,
          uniq_zenata, uniq_nikola

Skill      XL: |  1  2  3  4  5  6  7  8  9 10 11 12 13 14 15 16 17 18 19 |
---------------+----------------------------------------------------------+-----
Long Blades    | 4 5 6 7 8 10 11 13 14 | 14.0
Dodging        | 5 6 7 8 9 10 12 13 15 16 18 19 20 21 22 | 22.8
Shields        | 1 2 3 4 6 7 8 9 11 12 13 14 15 16 17 | 17.7
Invocations    | 2 4 6 8 10 12 13 14 16 17 18 | 18.2
Fighting       | 3 5 7 9 10 12 13 15 16 17 18 | 18.4
Throwing       | |  2.0

Action                   |  1- 3 |  4- 6 |  7- 9 | 10-12 | 13-15 | 16-18 | 19-21 || total
-------------------------+-------+-------+-------+-------+-------+-------+-------++-------
Melee: Long sword        |    87 |   150 |   497 |   357 |       |       |       ||  1091
       Punch             |     1 |       |       |       |       |       |       ||     1
       Scimitar          |       |       |       |   438 |  1236 |  1396 |   705 ||  3775
Throw: Javelin           |     4 |       |     7 |     2 |    10 |       |       ||    23
       Throwing net      |     2 |       |     1 |       |       |       |       ||     3
Invok: Disaster Area     |       |       |       |       |     6 |     7 |     1 ||    14
       Upheaval          |       |       |       |       |    10 |    27 |     8 ||    45
  Use: Scroll            |       |     4 |     8 |     6 |    12 |     6 |     1 ||    37
       Potion            |       |       |     1 |     2 |     8 |     5 |     2 ||    18
 Stab: Sleeping          |     1 |     3 |       |       |       |       |       ||     4
       Petrified         |       |       |       |       |     8 |       |       ||     8
       Invisible         |       |       |       |       |       |     1 |       ||     1
Armor: Leather armour    |    41 |    73 |   148 |   177 |       |     6 |    40 ||   485
       Skin              |       |     3 |       |       |       |       |       ||     3
       Troll leather arm |       |       |       |    32 |    87 |    15 |       ||   134
       Quicksilver drago |       |       |       |       |       |    84 |       ||    84
Dodge: Dodged            |    75 |    85 |   335 |   491 |   624 |  1015 |   484 ||  3109
       Repelled          |       |       |       |       |    15 |    48 |     5 ||    68
Block: Kite shield       |       |    86 |   425 |   800 |  1228 |  1666 |   623 ||  4828

Table legend: (Time is in decaauts)
 A = Elapsed time spent in this place.
 B = Non-inter-level travel time spent in this place.
 C = Inter-level travel time spent in this place.
 D = Time resting spent in this place.
 E = Time spent auto-exploring this place.
 F = Levels seen in this place.
 G = Mean time per level.
                   A        B        C        D        E       F      G
               +--------+--------+--------+--------+--------+-----+--------+
         Total |  33487 |  29450 |   4037 |      0 |  22006 |  35 |  956.8 |
       Dungeon |  15586 |  13040 |   2546 |      0 |   9859 |  15 | 1039.1 |
        Temple |     39 |     30 |      9 |      0 |      7 |   1 |   39.0 |
          Lair |   5884 |   5018 |    866 |      0 |   3849 |   5 | 1176.8 |
         Swamp |   2254 |   2152 |    102 |      0 |   1444 |   4 |  563.5 |
     Snake Pit |   4500 |   4239 |    261 |      0 |   3349 |   4 | 1125.0 |
  Orcish Mines |   1580 |   1461 |    119 |      0 |   1045 |   2 |  790.0 |
   Elven Halls |   2753 |   2646 |    107 |      0 |   1958 |   2 | 1376.5 |
        Vaults |    616 |    592 |     24 |      0 |    410 |   1 |  616.0 |
    Desolation |    271 |    271 |      0 |      0 |     84 |   1 |  271.0 |
               +--------+--------+--------+--------+--------+-----+--------+

Top non-repeatable levels by time:
     D:7: 1572 daAuts
   Elf:1: 1502 daAuts
  Lair:4: 1454 daAuts
  Lair:3: 1440 daAuts
     D:5: 1435 daAuts
 Snake:3: 1385 daAuts
    D:14: 1360 daAuts
    D:12: 1310 daAuts
   Elf:2: 1251 daAuts
     D:6: 1218 daAuts
  Lair:5: 1177 daAuts
     D:2: 1173 daAuts
 Snake:1: 1152 daAuts
 Snake:4: 1117 daAuts
    D:10: 1090 daAuts
